Map: Daybreak LE (Void)

Players

Elazer - Winner!

  • Race: Zerg Zerg
  • Spawn Location: 7:00

Zerghamdi

  • Race: Zerg Zerg
  • League: Master
  • Spawn Location: 1:00

Event: WESG 2016 Finals

VOD

Have the link to the VOD?

Description

Time

  • Played on: Jan. 12, 2017, 9:23 p.m.
  • Length: 6:22

All games in this series

Show
View Real Time Build Order
Export as new Build Order

Elazer Zerg - Winner!

Build Orders: Hatch First, Zergling Baneling 

Get SALT Encoding   

  12  0:00  Drone  
  13  0:12  Overlord  
  13  0:17  Drone  
  14  0:30  Drone x2  
  14  0:34  Drone  
  17  0:52  Hatchery  
  17  0:55  Drone  
  17  0:58  Drone  
  18  1:09  Extractor  
  17  1:13  Spawning Pool  
  17  1:16  Drone  
  17  1:19  Drone  
  18  1:28  Drone  
  19  1:39  Overlord  
  19  1:53  Drone  
  20  2:00  Queen, Zergling x2  
  23  2:03  Queen  
  23  2:05  Zergling x2  
  26  2:08  Metabolic Boost  
  26  2:13  Drone  
  26  2:15  Drone  
  28  2:23  Drone  
  28  2:29  Drone  
  30  2:33  Baneling Nest, Drone  
  29  2:38  Drone  
  29  2:40  Queen  
  32  2:46  Overlord  
  32  2:48  Drone  
  33  2:56  Drone  
  33  2:58  Drone  
  35  3:08  Zergling x8  
  39  3:13  Zergling x8  
  43  3:21  Overlord  
  43  3:32  Baneling x3  
  43  3:35  Hatchery  
  43  3:40  Drone x4  
  46  3:45  Overlord  
  46  3:53  Drone x2  
  48  3:57  Zergling x8  
  48  4:00  Baneling x2  
  52  4:07  Zergling x4  
  54  4:12  Zergling x2  
  54  4:13  Zergling x6  
  51  4:17  Zergling x2  
  51  4:21  Zergling x2  
  52  4:31  Zergling x2  
  52  4:33  Zergling x2  
  52  4:36  Baneling  
  52  4:38  Zergling x2  
  52  4:44  Queen  
  54  4:47  Zergling x2  
  54  4:51  Zergling x4  
  56  4:56  Zergling x2  
  56  4:57  Zergling x2  
  56  4:58  Zergling x4  
  56  4:59  Baneling x4  
  56  5:01  Zergling x10  
  59  5:08  Zergling x2  
  60  5:20  Zergling x2  
  60  5:21  Zergling x6  
  59  5:26  Queen  
  59  5:28  Overlord  
  55  5:29  Zergling x12  
  55  5:32  Extractor  
  55  5:33  Drone, Roach Warren  
  55  5:34  Drone x4  
  64  5:39  Overlord  
  64  5:41  Extractor  
  63  5:43  Drone  
  63  5:44  Drone  
  63  5:48  Baneling x2  
  63  5:49  Baneling  
  63  5:50  Drone  
  63  5:55  Drone x5  
  68  6:03  Overlord  
  65  6:09  Drone x3  
  65  6:10  Drone x2  
  69  6:12  Extractor  
Show
View Real Time Build Order
Export as new Build Order

Zerghamdi Zerg 

Build Orders: Pool First 

Get SALT Encoding   

  12  0:02  Drone  
  13  0:12  Overlord  
  13  0:17  Drone  
  14  0:31  Drone x2  
  17  0:35  Drone  
  17  0:46  Spawning Pool  
  16  0:51  Drone  
  17  1:01  Drone  
  18  1:13  Hatchery  
  18  1:15  Extractor  
  18  1:17  Drone  
  19  1:32  Zergling x4  
  19  1:33  Queen  
  21  1:40  Drone  
  22  1:50  Overlord  
  22  2:08  Drone  
  22  2:09  Queen  
  25  2:17  Drone  
  26  2:27  Queen  
  26  2:29  Drone x2  
  29  2:30  Metabolic Boost  
  29  2:33  Drone  
  29  2:42  Zergling x4  
  31  2:56  Hatchery  
  30  3:02  Baneling Nest  
  30  3:03  Zergling x2  
  30  3:08  Zergling x2  
  31  3:18  Zergling x4  
  33  3:20  Overlord  
  33  3:23  Drone x2  
  35  3:28  Overlord  
  35  3:39  Zergling x8  
  35  3:41  Zergling x2  
  38  3:49  Zergling x4  
  38  3:50  Zergling x2  
  38  3:51  Zergling x2  
  38  3:52  Baneling  
  38  3:54  Baneling  
  41  3:56  Baneling  
  26  4:17  Zergling x4  
  26  4:18  Zergling x6  
  30  4:27  Zergling x8  
  30  4:29  Baneling  
  31  4:31  Zergling x4  
  30  4:39  Baneling  
  30  4:41  Zergling x4  
  30  4:45  Zergling x2  
  33  4:48  Zergling x2  
  34  4:56  Drone x2  
  34  5:00  Zergling x2  
  34  5:04  Zergling x2  
  34  5:06  Zergling x2  
  36  5:08  Baneling  
  35  5:18  Zergling x6  
  28  5:26  Zergling x4  
  30  5:29  Baneling  
  30  5:33  Zergling x2  
  31  5:40  Zergling x2  
  31  5:41  Zergling x2  
  32  5:44  Zergling x2  
  29  5:52  Zergling x4  
  29  5:53  Zergling x2  
  31  5:57  Zergling x2  
  31  5:59  Zergling x2  
  31  6:01  Baneling  
  31  6:04  Zergling x2  
Tags
 
Add a new tag
Caveats
  • Supply blocks, unpowered buildings, or Contaminate may cause inaccurate times.
  • Supply counts are checked every 10 seconds.